 Dungeon Crawl Stone Soup version 0.29-a0-275-g389c0b56f3 (webtiles) character file.

Game seed: 1785879159629242150

57 spaghetti the Conjurer (level 3, 0/24 HPs)
             Began as a Demonspawn Conjurer on Mar 10, 2022.
             Slain by a goblin
             ... wielding a +0 club
             ... led by Robin
              (3 damage)
             ... on level 2 of the Dungeon.
             The game lasted 00:02:50 (2589 turns).

spaghetti the Conjurer (Demonspawn Conjurer)        Turns: 2589, Time: 00:02:51

Health: 0/24       AC:  3    Str:  7    XL:     3   Next: 73%
Magic:  4/6        EV: 12    Int: 21    God:
Gold:   118        SH:  0    Dex: 11    Spells: 5/6 levels left

rFire   . . .      SeeInvis .   m - +0 whip {mace}
rCold   . . .      Faith    .   (no shield)
rNeg    . . .      Spirit   .   a - +0 robe
rPois   .          Reflect  .   (no helmet)
rElec   .          Harm     .   o - +0 cloak
rCorr   .          Rampage  .   (no gloves)
Will    .....                   (no boots)
Stlth   ++........              (no amulet)
HPRegen 0.08/turn               (no ring)
MPRegen 0.10/turn               (no ring)

@: no status effects
A: weakness stinger 1
a: no special abilities


You were on level 2 of the Dungeon.
You visited 1 branch of the dungeon, and saw 3 of its levels.

You collected 118 gold pieces.


Innate Abilities, Weirdness & Mutations

You have a small tail.


   Skills:
 - Level 1.7 Dodging
 - Level 1.7 Stealth
 - Level 2.0 Spellcasting
 + Level 5.4 Conjurations


You had 5 spell levels left.
You knew the following spells:

 Your Spells              Type           Power      Damage    Failure   Level
a - Magic Dart            Conj           100%       1d8       1%          1

Your spell library contained the following spells:

 Spells                   Type           Power      Damage    Failure   Level
 Searing Ray              Conj           50%        2d6       2%          2
 Dazzling Flash           Conj/Hex       26%        N/A       14%         3
 Fulminant Prism          Conj/Hex       6%         3d7       43%         4
 Iskenderun's Mystic Bla  Conj/Tloc      13%        2d5       43%         4

Inventory:

Hand Weapons
 b - a +0 club {mace}
   (You took it off a gnoll on level 1 of the Dungeon)
 d - a +0 dagger {short}
   (You took it off a kobold on level 1 of the Dungeon)
 e - a +0 club {mace}
   (You took it off a kobold on level 1 of the Dungeon)
 g - a +0 hand axe {axe}
   (You found it on level 1 of the Dungeon)
 h - a +0 short sword {short}
   (You found it on level 1 of the Dungeon)
 j - a +0 club {mace}
   (You took it off a goblin on level 1 of the Dungeon)
 k - a +0 club {mace}
   (You took it off a goblin on level 1 of the Dungeon)
 m - a +0 whip (weapon) {mace}
   (You took it off a kobold on level 1 of the Dungeon)
Missiles
 f - 67 stones {throwing}
Armour
 a - a +0 robe (worn)
 o - a +0 cloak (worn)
   (You found it on level 1 of the Dungeon)
Wands
 q - a wand of flame (19)
   (You found it on level 2 of the Dungeon)
Scrolls
 c - 2 scrolls of identify {@r1}
 n - a scroll of torment {unknown}
 p - a scroll of brand weapon {unknown}
Potions
 i - 3 potions of curing {unknown}
 r - 2 potions of lignification {unknown}
 s - a potion of magic

Dungeon Overview and Level Annotations

Branches:
Dungeon (3/15)

Altars:

Annotations:
D:2 Robin

#.##.....#.#.# #..######
#.##.....#.#.# #.......#
#.##.....#.#.#####.......#
#.##.....#.#..g......#####
#.##........g.###.........
#####.##........g.###.....####
#..[#.##..................####
#.#.#.##....#og...............
#.#.#.###+#.#@o.g.g)..........
#.#.#.# #.#.#g######.#........
#.#.#.# #.#.#.## #.#########
#.#.#.# #.#....# #.#
#.#.#.###.#....# #.#
#.#.#..........# #.#
#.#.#####.##...# #.#
###.#........<#.## #.#
#...##......#.#.# #.#


You could see Robin, 2 orcs, a hobgoblin and 5 goblins.


Message History

You lost 1 mp, and now have 5/6 mp.
The magic dart hits the rat.
You kill the rat!
No target in view! 😎 MP[-1]
You lost 1 mp, and now have 4/6 mp.
No target in view!
No target in view!
No target in view!
No target in view!
No target in view!
No target in view!
Things that are here:
a +0 hand axe {axe}; a +0 leather armour; an orc corpse 😎 MP[+2]
Your mp is fully restored (6).
There is a stone staircase leading up here.
s - a potion of magic 3 orcs come into view.
The magic dart hits the orc.
The orc shouts!
An orc comes into view. It is wielding a +0 hand axe. 😎 MP[-1]
You lost 1 mp, and now have 5/6 mp.
The magic dart hits the orc.
The orc shouts!
You hear a shout! 😎 MP[-1]
You lost 1 mp, and now have 4/6 mp.
The magic dart hits the orc. 😎 MP[-1]
You lost 1 mp, and now have 3/6 mp.
You hit the orc.
You kill the orc!
The magic dart hits the orc. 😎 MP[-1]
You lost 1 mp, and now have 2/6 mp.
You closely miss the orc.
The orc hits you with a +0 dagger. 😕 HP[-4]
You take 4 damage, and now have 20/24 hp.
You hit the orc. 😕 HP[+1]
You closely miss the orc. The orc hits you with a +0 dagger.
The orc barely misses you. 😕 HP[-1]
You take 1 damage, and now have 20/24 hp.
You closely miss the orc. The orc closely misses you.
The orc barely misses you. 😕 MP[+1]
You barely miss the orc. The orc misses you. The orc barely misses you.
You barely miss the orc.
Your tail-slap misses the orc.
The orc hits you with a +0 dagger.
The orc hits you but does no damage. 😕 HP[-1]
You take 1 damage, and now have 19/24 hp.
You closely miss the orc. The orc barely misses you. x2
The orc hits you but does no damage.
You closely miss the orc. The orc barely misses you.
The orc hits you with a +0 flail.
The orc hits you with a +0 dagger. 😮 HP[-5]
You take 5 damage, and now have 14/24 hp.
MASSIVE DAMAGE!! (PAUSE)
The orc attacks as you move away! The orc hits you with a +0 dagger.
* * * LOW HITPOINT WARNING * * *
The orc attacks as you move away! The orc hits you with a +0 hand axe.
* * * LOW HITPOINT WARNING * * *
😨 HP[-5]
You take 5 damage, and now have 9/24 hp.
MASSIVE DAMAGE!! (PAUSE)
The orc attacks as you move away! The orc hits you with a +0 dagger.
* * * LOW HITPOINT WARNING * * *
😨 HP[-1]
You take 1 damage, and now have 8/24 hp.
The orc attacks as you move away! The orc hits you but does no damage.
The orc closely misses you. The orc attacks as you move away!
The orc barely misses you.
There is a stone staircase leading up here.
The orc misses you. The orc closely misses you.
You climb upwards.
Level annotation: Robin The goblin shouts! x2; You hear a shout! x2
Robin roars a battlecry!
The goblins go into a battle-frenzy!
The goblin barely misses you. The goblin hits you with a +0 dagger.
* * * LOW HITPOINT WARNING * * *
A hobgoblin comes into view.
The goblin barely misses you. The goblin misses you.
A goblin comes into view. It is wielding a +2 dagger of venom.
There is a stone staircase leading down, spattered with blood here. 😱 HP[-3] MP[+1]
You take 3 damage, and now have 5/24 hp.
Unknown command.
Unknown command.
As you read the scroll labelled MODESY NOWUWN, it crumbles to dust.
It is a scroll of amnesia.
Really abort (and waste the scroll)?
Okay, then.
The orc hits you with a +0 dagger.
* * * LOW HITPOINT WARNING * * *
The orc barely misses you. The goblin barely misses you.
The goblin hits you with a +0 club.
You die...

Skill      XL: |  1  2 |
---------------+-------+-----
Conjurations   | 5 |  5.4
Dodging        | |  1.7
Stealth        | |  1.7
Spellcasting   | |  2.0

Action                   || total
-------------------------++-------
Melee: Unarmed           ||     8
       Tailslap          ||     3
       Whip              ||    19
       Punch             ||     1
 Cast: Magic Dart        ||    70
Evoke: Wand              ||     1
  Use: Potion            ||     2
       Scroll            ||     2
Armor: Robe              ||     3
Dodge: Dodged            ||    32

Levels and vault maps discovered:
D:1:      zelgadis_glass_arrival_small, layout_loops_corners,
          chequers_serial_rivers_small_3
D:2:      layout_basic, basic_ecumenical_altar, uniq_robin
D:3:      layout_loops_cross, lemuel_crystal_altar, gammafunk_ghost_arena,
          serial_shops, shop, nicolae_diamond_shop, shop_fountains, shop,
          nrook_loot_triangle, grunt_decor_cap, kennysheep_jessica_study

Notes
Turn   | Place    | Note
-------+----------+-------------------------------------------
     0 | D:1      | spaghetti the Demonspawn Conjurer began the quest for the
                  | Orb.
     0 | D:1      | Reached XP level 1. HP: 13/13 MP: 3/3
     0 | D:1      | magus.rc [v1.9.6]
   211 | D:1      | HP: 3/13 [gnoll/+0 club (2)]
   220 | D:1      | Gained mutation: You have a small tail. [demonic ancestry]
   220 | D:1      | Reached XP level 2. HP: 5/19 MP: 1/5
   725 | D:1      | Reached skill level 5 in Conjurations
   796 | D:1      | Reached XP level 3. HP: 24/24 MP: 3/6
  2076 | D:2      | Noticed Robin
  2588 | D:2      | HP: 5/24 [goblin/+0 dagger[Robin] (4)]
  2589 | D:2      | Slain by a goblin

Vanquished Creatures
  A gnoll (D:1)
  A worm (D:2)
  A dart slug (D:1)
  2 orcs (D:3)
  A bat (D:1)
  3 endoplasms
  A giant cockroach (D:1)
  4 goblins
  5 hobgoblins
  2 jackals (D:1)
  7 ball pythons
  4 frilled lizards
  3 kobolds (D:1)
  2 rats
37 creatures vanquished.

Table legend:
 A = Non-vault XP
 B = Vault XP
 C = Vault XP percentage of total XP
 D = Non-vault monster count
 E = Vault monster count
 F = Vault count percentage of total count
                 A         B        C        D         E       F
            +---------+---------+-------+---------+---------+-------
      Total |      74 |       8 |   9.8 |      33 |       4 |  10.8
            +---------+---------+-------+---------+---------+-------
        D:1 |      54 |       0 |   0.0 |      24 |       0 |   0.0
        D:2 |      13 |       8 |  38.1 |       6 |       4 |  40.0
        D:3 |       7 |       0 |   0.0 |       3 |       0 |   0.0
            +---------+---------+-------+---------+---------+-------

Illustrated notes

Table legend:
 A = Kills in this place as a percentage of kills in entire the game.
 B = Kills by you in this place as a percentage of kills by you in the entire game.
 C = Kills by friends in this place as a percentage of kills by friends in the entire game.
 D = Other kills in this place as a percentage of other kills in the entire game.
 E = Experience gained in this place as a percentage of experience gained in the entire game.
 F = Experience gained in this place divided by the number of levels of this place that you have seen.
                   A       B       C       D       E      F
               +-------+-------+-------+-------+-------+----------------------
         Total | 100.0 | 100.0 |   N/A |   N/A | 100.0 |  27.3
       Dungeon | 100.0 | 100.0 |   N/A |   N/A | 100.0 |  27.3
               +-------+-------+-------+-------+-------+----------------------

Table legend: (Time is in decaauts)
 A = Elapsed time spent in this place.
 B = Non-inter-level travel time spent in this place.
 C = Inter-level travel time spent in this place.
 D = Time resting spent in this place.
 E = Time spent auto-exploring this place.
 F = Levels seen in this place.
 G = Mean time per level.
                   A        B        C        D        E       F      G
               +--------+--------+--------+--------+--------+-----+--------+
         Total |   2595 |   2490 |    105 |    345 |   1938 |   3 |  865.0 |
       Dungeon |   2595 |   2490 |    105 |    345 |   1938 |   3 |  865.0 |
               +--------+--------+--------+--------+--------+-----+--------+

Top non-repeatable levels by time:
     D:1: 1649 daAuts
     D:2: 833 daAuts
     D:3: 112 daAuts
